TOP OF THE 1ST |
Hartford Whalers batting - Pitching for Norfolk Cruisers : RHP Culley Sandoval
|
Pitching: RHP Culley Sandoval
|
|
Batting: RHB Tyrone Scott
|
0-0: Called Strike 0-1: Foul Ball, location: 2F 0-2: DOUBLE (Line Drive, 8LD)
|
Batting: RHB Roberto Ramírez
|
0-0: Foul Ball, location: 2F 0-1: Foul Ball, location: 2F 0-2: Ball 1-2: Strikes out swinging
|
Batting: LHB César Durán
|
0-0: 2-RUN HOME RUN (Flyball, 9LD), Distance : 349 ft
|
Batting: RHB Félix Rodríguez
|
0-0: Fly out, F8 (Flyball, 8RM)
|
Batting: LHB Leonardo López
|
0-0: Foul Ball, location: 2F 0-1: Ball 1-1: Ball 2-1: Foul Ball, location: 2F 2-2: Ground out 3-1 (Groundball, 34S)
|
Top of the 1st over - 2 run(s), 2 hit(s), 0 error(s), 0 left on base; Hartford 2 - Norfolk 0 |
BOTTOM OF THE 1ST |
Norfolk Cruisers batting - Pitching for Hartford Whalers : LHP Orlando Martínez
|
Pitching: LHP Orlando Martínez
|
|
Batting: RHB Tom Baker
|
0-0: Called Strike 0-1: Foul Ball, location: 2F 0-2: Ball 1-2: Foul Ball, location: 2F 1-2: Ground out 6-3 (Groundball, 56D)
|
Batting: RHB Bill Childers
|
0-0: Called Strike 0-1: Ball 1-1: Fly out, F8 (Flyball, 8RM)
|
Batting: RHB Terry Sylvester
|
0-0: Ball 1-0: Ball 2-0: Fly out, F7 (Line Drive, 7M)
|
Bottom of the 1st over - 0 run(s), 0 hit(s), 0 error(s), 0 left on base; Hartford 2 - Norfolk 0 |
TOP OF THE 2ND |
Hartford Whalers batting - Pitching for Norfolk Cruisers : RHP Culley Sandoval
|
Batting: RHB Akahele Kimokeo
|
0-0: Called Strike 0-1: Called Strike 0-2: Fly out, F8 (Line Drive, 8LM)
|
Batting: SHB Robert Shelby
|
0-0: Ball 1-0: Called Strike 1-1: Ground out 1-3 (Groundball, 13S)
|
Batting: LHB Bill Burgess
|
0-0: Called Strike 0-1: Swinging Strike 0-2: Ball 1-2: Strikes out looking
|
Top of the 2nd over - 0 run(s), 0 hit(s), 0 error(s), 0 left on base; Hartford 2 - Norfolk 0 |
BOTTOM OF THE 2ND |
Norfolk Cruisers batting - Pitching for Hartford Whalers : LHP Orlando Martínez
|
Batting: RHB Jorge Gómez
|
0-0: Ball 1-0: Ball 2-0: Called Strike 2-1: Called Strike 2-2: Fly out, F5 (Line Drive, 5)
|
Batting: RHB Steven Talley
|
0-0: Ball 1-0: Ground out 5-3 (Groundball, 5)
|
Batting: RHB Carlos Rodríguez
|
0-0: Ball 1-0: Called Strike 1-1: Ball 2-1: Fly out, F8 (Flyball, 8RXD)
|
Bottom of the 2nd over - 0 run(s), 0 hit(s), 0 error(s), 0 left on base; Hartford 2 - Norfolk 0 |
TOP OF THE 3RD |
Hartford Whalers batting - Pitching for Norfolk Cruisers : RHP Culley Sandoval
|
Batting: LHB Orlando Martínez
|
0-0: Swinging Strike 0-1: Ball 1-1: Ball 2-1: Called Strike 2-2: Ball 3-2: Foul Ball, location: 2F 3-2: Strikes out looking
|
Batting: RHB Tyrone Scott
|
0-0: Called Strike 0-1: Ground out 5-3 (Groundball, 56)
|
Batting: RHB Roberto Ramírez
|
0-0: Ball 1-0: Foul Ball, location: 2F 1-1: Ball 2-1: Ball 3-1: Called Strike 3-2: Foul Ball, location: 2F 3-2: Strikes out swinging
|
Top of the 3rd over - 0 run(s), 0 hit(s), 0 error(s), 0 left on base; Hartford 2 - Norfolk 0 |
BOTTOM OF THE 3RD |
Norfolk Cruisers batting - Pitching for Hartford Whalers : LHP Orlando Martínez
|
Batting: RHB Floyd Mitchell
|
0-0: Swinging Strike 0-1: Ball 1-1: Ball 2-1: Ball 3-1: Base on Balls
|
Batting: SHB Bill Becker
|
0-0: Ball 1-0: Foul Ball, location: 2F 1-1: Fly out, F8 (Flyball, 8LS)
|
Batting: RHB Culley Sandoval
|
0-0: Called Strike 0-1: Sac Bunt - play at first, batter OUT! 1-4 Floyd Mitchell to second
|
Batting: RHB Tom Baker
|
0-0: Ball 1-0: Fly out, F9 (Flyball, 9LM)
|
Bottom of the 3rd over - 0 run(s), 0 hit(s), 0 error(s), 1 left on base; Hartford 2 - Norfolk 0 |
TOP OF THE 4TH |
Hartford Whalers batting - Pitching for Norfolk Cruisers : RHP Culley Sandoval
|
Batting: LHB César Durán
|
0-0: Ball 1-0: Foul Ball, location: 2F 1-1: Swinging Strike 1-2: Foul Ball, location: 2F 1-2: Ball 2-2: Strikes out swinging
|
Batting: RHB Félix Rodríguez
|
0-0: TRIPLE (Flyball, 9LM)
|
Batting: LHB Leonardo López
|
0-0: Ball 1-0: Called Strike 1-1: Ball 2-1: Ball 3-1: Foul Ball, location: 2F 3-2: Strikes out looking
|
Batting: RHB Akahele Kimokeo
|
0-0: Ball 1-0: Called Strike 1-1: Called Strike 1-2: Ball 2-2: Strikes out swinging
|
Top of the 4th over - 0 run(s), 1 hit(s), 0 error(s), 1 left on base; Hartford 2 - Norfolk 0 |
BOTTOM OF THE 4TH |
Norfolk Cruisers batting - Pitching for Hartford Whalers : LHP Orlando Martínez
|
Batting: RHB Bill Childers
|
0-0: Ball 1-0: Ball 2-0: Called Strike 2-1: Fly out, F4 (Popup, 4D)
|
Batting: RHB Terry Sylvester
|
0-0: Ball 1-0: Called Strike 1-1: Swinging Strike 1-2: Reached on error, E6 (Groundball, 6)
|
Batting: RHB Jorge Gómez
|
0-0: Called Strike 0-1: Ball 1-1: Ball 2-1: Grounds into double play, 5-4-3 (Groundball, 5)
|
Bottom of the 4th over - 0 run(s), 0 hit(s), 1 error(s), 0 left on base; Hartford 2 - Norfolk 0 |
TOP OF THE 5TH |
Hartford Whalers batting - Pitching for Norfolk Cruisers : RHP Culley Sandoval
|
Batting: SHB Robert Shelby
|
0-0: Ground out 6-3 (Groundball, 6)
|
Batting: LHB Bill Burgess
|
0-0: Called Strike 0-1: Swinging Strike 0-2: Foul Ball, location: 2F 0-2: Ball 1-2: SOLO HOME RUN (Flyball, 78XD), Distance : 427 ft
|
Batting: LHB Orlando Martínez
|
0-0: Ball 1-0: TRIPLE (Line Drive, 9LM)
|
Batting: RHB Tyrone Scott
|
0-0: Ball 1-0: Ball 2-0: Foul Ball, location: 2F 2-1: Ball 3-1: 2-RUN HOME RUN (Flyball, 8LXD), Distance : 437 ft
|
Batting: RHB Roberto Ramírez
|
0-0: Foul Ball, location: 2F 0-1: Ground out 6-3 (Groundball, 6)
|
Batting: LHB César Durán
|
0-0: Ball 1-0: Swinging Strike 1-1: Ball 2-1: Ball 3-1: Called Strike 3-2: Strikes out swinging
|
Top of the 5th over - 3 run(s), 3 hit(s), 0 error(s), 0 left on base; Hartford 5 - Norfolk 0 |
BOTTOM OF THE 5TH |
Norfolk Cruisers batting - Pitching for Hartford Whalers : LHP Orlando Martínez
|
Batting: RHB Steven Talley
|
0-0: Ground out 5-3 (Groundball, 56)
|
Batting: RHB Carlos Rodríguez
|
0-0: Called Strike 0-1: Called Strike 0-2: Ground out 5-3 (Groundball, 5L)
|
Batting: RHB Floyd Mitchell
|
0-0: Ball 1-0: Ball 2-0: Ball 3-0: Base on Balls
|
Batting: SHB Bill Becker
|
0-0: Ball 1-0: Foul Ball, location: 2F 1-1: SINGLE (Groundball, 56) (infield hit) Floyd Mitchell to second
|
Pinch Hitting: SHB Stephen Baldwin
|
0-0: Ball 1-0: Ball 2-0: Ball 3-0: Called Strike 3-1: Foul Ball, location: 2F 3-2: Fly out, F9 (Line Drive, 89D)
|
Bottom of the 5th over - 0 run(s), 1 hit(s), 0 error(s), 2 left on base; Hartford 5 - Norfolk 0 |
TOP OF THE 6TH |
Hartford Whalers batting - Pitching for Norfolk Cruisers : RHP Culley Sandoval
|
Pitching: RHP Albert Braun
|
|
Batting: RHB Félix Rodríguez
|
0-0: DOUBLE (Line Drive, 8RM)
|
Batting: LHB Leonardo López
|
0-0: Swinging Strike 0-1: Ball 1-1: Ball 2-1: Foul Ball, location: 2F 2-2: Ground out 4-3 (Groundball, 34) Félix Rodríguez to third
|
Batting: RHB Akahele Kimokeo
|
0-0: Foul Ball, location: 2F 0-1: Foul Ball, location: 2F 0-2: Strikes out swinging
|
Batting: SHB Robert Shelby
|
0-0: Ball 1-0: Swinging Strike 1-1: Called Strike 1-2: Ball 2-2: Fly out, F5 (Popup, 56S)
|
Top of the 6th over - 0 run(s), 1 hit(s), 0 error(s), 1 left on base; Hartford 5 - Norfolk 0 |
BOTTOM OF THE 6TH |
Norfolk Cruisers batting - Pitching for Hartford Whalers : LHP Orlando Martínez
|
Batting: RHB Tom Baker
|
0-0: Called Strike 0-1: Foul Ball, location: 2F 0-2: Ball 1-2: Foul Ball, location: 2F 1-2: SINGLE (Groundball, 6D)
|
Batting: RHB Bill Childers
|
0-0: Ball 1-0: Called Strike Tom Baker is caught stealing 2nd base 1-1: Ball 2-1: SINGLE (Line Drive, 89S)
|
Batting: RHB Terry Sylvester
|
0-0: Called Strike 0-1: Swinging Strike 0-2: Ground out 1-3 (Groundball, 13) Bill Childers to second
|
Batting: RHB Jorge Gómez
|
0-0: Called Strike 0-1: Called Strike 0-2: Ball 1-2: Foul Ball, location: 2F 1-2: Foul Ball, location: 2F 1-2: Foul Ball, location: 2F 1-2: Ball 2-2: Ball 3-2: Ground out 5-3 (Groundball, 5S)
|
Bottom of the 6th over - 0 run(s), 2 hit(s), 0 error(s), 1 left on base; Hartford 5 - Norfolk 0 |
TOP OF THE 7TH |
Hartford Whalers batting - Pitching for Norfolk Cruisers : RHP Albert Braun
|
Batting: LHB Bill Burgess
|
0-0: Ball 1-0: Ball 2-0: Fly out, F8 (Flyball, 8LXD)
|
Pinch Hitting: RHB Dave O'Day
|
0-0: Ball 1-0: Called Strike 1-1: Called Strike 1-2: Strikes out swinging
|
Batting: RHB Tyrone Scott
|
0-0: Ground out 1-3 (Groundball, 13S)
|
Top of the 7th over - 0 run(s), 0 hit(s), 0 error(s), 0 left on base; Hartford 5 - Norfolk 0 |
BOTTOM OF THE 7TH |
Norfolk Cruisers batting - Pitching for Hartford Whalers : LHP Orlando Martínez
|
Pitching: RHP Iván Cordero
|
|
Now at C: Julian Anthony
|
|
Batting: RHB Steven Talley
|
0-0: Ground out 6-3 (Groundball, 6)
|
Batting: RHB Carlos Rodríguez
|
0-0: Called Strike 0-1: Ball 1-1: Foul Ball, location: 2F 1-2: Ball 2-2: Strikes out swinging
|
Batting: RHB Floyd Mitchell
|
0-0: Ball 1-0: Ball 2-0: Ball 3-0: Base on Balls
|
Batting: SHB Bill Becker
|
0-0: Ground out U3 (Groundball, 3S)
|
Bottom of the 7th over - 0 run(s), 0 hit(s), 0 error(s), 1 left on base; Hartford 5 - Norfolk 0 |
TOP OF THE 8TH |
Hartford Whalers batting - Pitching for Norfolk Cruisers : RHP Albert Braun
|
Pitching: LHP Denver Johnston
|
|
Batting: SHB Julian Anthony
|
0-0: Ball 1-0: Called Strike 1-1: Foul Ball, location: 2F 1-2: Ground out 4-3 (Groundball, 13)
|
Batting: LHB César Durán
|
0-0: Ball 1-0: Called Strike 1-1: Ball 2-1: Foul Ball, location: 2F 2-2: Strikes out swinging
|
Batting: RHB Félix Rodríguez
|
0-0: Called Strike 0-1: Ball 1-1: Ball 2-1: Called Strike 2-2: Foul Ball, location: 2F 2-2: Foul Ball, location: 2F 2-2: Ball 3-2: Foul Ball, location: 2F 3-2: Base on Balls
|
Batting: LHB Leonardo López
|
0-0: Ball 1-0: Swinging Strike 1-1: Ball 2-1: Ball 3-1: Foul Ball, location: 2F 3-2: Foul Ball, location: 2F 3-2: Foul Ball, location: 2F 3-2: Fly out, F8 (Flyball, 8LD)
|
Top of the 8th over - 0 run(s), 0 hit(s), 0 error(s), 1 left on base; Hartford 5 - Norfolk 0 |
BOTTOM OF THE 8TH |
Norfolk Cruisers batting - Pitching for Hartford Whalers : RHP Iván Cordero
|
Pinch Hitting: RHB David Gómez
|
0-0: Ball 1-0: Called Strike 1-1: Called Strike 1-2: Ball 2-2: Foul Ball, location: 2F 2-2: Ground out 5-3 (Groundball, 5S)
|
Batting: RHB Tom Baker
|
0-0: Ball 1-0: Ball 2-0: Swinging Strike 2-1: Foul Ball, location: 2F 2-2: Foul Ball, location: 2F 2-2: Strikes out looking
|
Batting: RHB Bill Childers
|
0-0: Ball 1-0: Ball 2-0: Ball 3-0: Called Strike 3-1: Ground out 5-3 (Groundball, 5)
|
Bottom of the 8th over - 0 run(s), 0 hit(s), 0 error(s), 0 left on base; Hartford 5 - Norfolk 0 |
TOP OF THE 9TH |
Hartford Whalers batting - Pitching for Norfolk Cruisers : LHP Denver Johnston
|
Pitching: RHP John Green
|
|
Batting: RHB Akahele Kimokeo
|
0-0: Ball 1-0: Ball 2-0: Ball 3-0: Base on Balls
|
Batting: SHB Robert Shelby
|
0-0: Ball 1-0: Ball 2-0: Called Strike 2-1: Ball 3-1: Fly out, F8 (Flyball, 78M)
|
Batting: LHB Bill Burgess
|
0-0: Ball 1-0: Called Strike 1-1: Ball 2-1: Called Strike 2-2: Foul Ball, location: 2F 2-2: DOUBLE (Flyball, 89XD) Akahele Kimokeo to third
|
Pinch Hitting: RHB Mike McDonald
|
0-0: Called Strike 0-1: Ball 1-1: 3-RUN HOME RUN (Line Drive, 78XD), Distance : 434 ft
|
Batting: RHB Tyrone Scott
|
0-0: Foul Ball, location: 2F 0-1: Ball 1-1: Fly out, F9 (Flyball, 9S)
|
Batting: SHB Julian Anthony
|
0-0: Ball 1-0: Swinging Strike 1-1: Swinging Strike 1-2: Strikes out swinging
|
Top of the 9th over - 3 run(s), 2 hit(s), 0 error(s), 0 left on base; Hartford 8 - Norfolk 0 |
BOTTOM OF THE 9TH |
Norfolk Cruisers batting - Pitching for Hartford Whalers : RHP Iván Cordero
|
Pitching: LHP Tony Cherena
|
|
Batting: RHB Terry Sylvester
|
0-0: Foul Ball, location: 2F 0-1: Foul Ball, location: 2F 0-2: Ball 1-2: Ball 2-2: SINGLE (Flyball, 7S)
|
Batting: RHB Jorge Gómez
|
0-0: Foul Ball, location: 2F 0-1: Swinging Strike 0-2: Foul Ball, location: 2F 0-2: Ball 1-2: Fly out, F6 (Line Drive, 6)
|
Batting: RHB Steven Talley
|
0-0: Called Strike 0-1: Ball 1-1: Foul Ball, location: 2F 1-2: Ground out 5-3 (Groundball, 56S) Terry Sylvester to second
|
Batting: RHB Carlos Rodríguez
|
0-0: Called Strike 0-1: Ball 1-1: SINGLE (Line Drive, 7S) Terry Sylvester to third Runner from 3rd tries for Home, SAFE, no throw or cutoff
|
Batting: RHB Floyd Mitchell
|
0-0: Ball 1-0: Called Strike 1-1: Ground out 6-3 (Groundball, 6)
|
Bottom of the 9th over - 1 run(s), 2 hit(s), 0 error(s), 1 left on base; Hartford 8 - Norfolk 1 |
|